 Dungeon Crawl Stone Soup version 0.30.0-13-g156ef70053 (webtiles) character file.

Game seed: 14603308962222104285

20 Chucky the Firebug (level 2, -3/19 HPs)
             Began as a Demonspawn Fire Elementalist on May 17, 2023.
             Slain by an iguana (14 damage)
             ... on level 1 of the Dungeon.
             The game lasted 00:01:47 (302 turns).

Chucky the Firebug (Demonspawn Fire Elementalist)    Turns: 302, Time: 00:01:48

Health: -3/19      AC:  2    Str:  8    XL:     2   Next: 58%
Magic:  2/5        EV: 12    Int: 16    God:
Gold:   4          SH:  0    Dex: 13    Spells: 4/5 levels left

rFire   . . .        c - +0 hand axe
rCold   . . .        (no shield)
rNeg    . . .        a - +0 robe
rPois   .            (no helmet)
rElec   .            (no cloak)
rCorr   .            (no gloves)
SInv    .            (no boots)
Will    .....        (no amulet)
Stlth   ++           (no ring)
HPRegen 0.23/turn    (no ring)
MPRegen 0.09/turn

%: no passive effects
@: very slightly contaminated
A: sturdy frame 1
a: no special abilities


You were on level 1 of the Dungeon.
You visited 1 branch of the dungeon, and saw 2 of its levels.

You collected 4 gold pieces.

Inventory:

Hand Weapons
 c - a +0 hand axe (weapon)
Armour
 a - a +0 robe (worn)
Jewellery
 d - a ring of protection from cold
Scrolls
 e - a scroll of blinking {unknown}
Potions
 b - a potion of magic


   Skills:
 * Level 0.2 Fighting
 * Level 0.3 Axes
 * Level 0.3 Armour
 * Level 1.8 Dodging
 * Level 1.9 Stealth
 * Level 2.1 Spellcasting
 * Level 1.1 Conjurations
 * Level 3.1 Fire Magic


You had 4 spell levels left.
You knew the following spells:

 Your Spells              Type           Power      Damage    Failure   Level
a - Foxfire               Conj/Fire      32%        2x1d5     9%          1

Your spell library contained the following spells:

 Spells                   Type           Power      Damage    Failure   Level
 Scorch                   Fire           22%        2d5       9%          2
 Inner Flame              Hex/Fire       6%         N/A       32%         3
 Volatile Blastmotes      Fire/Tloc      12%        2d11      32%         3
 Flame Wave               Conj/Fire      8%         2d5       65%         4


Dungeon Overview and Level Annotations

Branches:
Dungeon (2/15)

Altars:


Innate Abilities, Weirdness & Mutations

Your movements are slightly less encumbered by armour. (ER -2)


Message History

Unknown command.
The iguana barely misses you. The kobold barely misses you. The rat bites you.
You climb upwards.
There is a stone staircase leading down here.
The rat bites you but does no damage. The kobold hits you with a +0 whip.
The iguana attacks as you move away! The iguana completely misses you.
The rat barely misses you.
Things that are here:
a +0 dagger; a kobold corpse The kobold attacks as you move away!
The kobold hits you with a +0 whip.
Casting: Foxfire (safe; 9% risk of failure)
Press: ? - help, Q - select action Dir - look around, f - activate You miscast Foxfire.
You are very lightly contaminated with residual magic.
Nothing appears to happen.
The rat barely misses you.
Casting: Foxfire (safe; 9% risk of failure)
Press: ? - help, Q - select action Dir - look around, f - activate You conjure some foxfire!
The rat bites you but does no damage.
You barely miss the rat.
The rat is severely wounded.
The foxfire hits the rat.
You kill the rat!
The foxfire hits the kobold.
The kobold is severely wounded.
Unknown command.
Casting: Foxfire (safe; 9% risk of failure)
Press: ? - help, Q - select action Dir - look around, f - activate You conjure some foxfire!
The iguana misses you.
You hit the iguana but do no damage.
The iguana is lightly wounded.
The foxfire hits the iguana.
The iguana is lightly wounded.
The foxfire hits the iguana but does no damage.
The iguana is lightly wounded.
The iguana bites you!
Ouch! That really hurt!
You die...

###############
#.............#
#.............#
#.............#
#.#...#..######
#.###.#...####
#.>...##..##.#
####...)Kl@.##.#
#........#.....#
#........#.###.#
#........### #.####
######'### #....# #...##
####.###### ##...####
##......##
#######....###...###..###
#...# #.##......#####....


You could see an iguana and a kobold.

Vanquished Creatures
  A gnoll (D:1)
  3 endoplasms (D:1)
  A goblin (D:1)
  A hobgoblin (D:1)
  A quokka (D:1)
  A kobold (D:1)
  2 rats (D:1)
10 creatures vanquished.

Vanquished Creatures (others)
  19 foxfires
19 creatures vanquished.

Grand Total: 29 creatures vanquished

Notes
Turn   | Place    | Note
-------+----------+-------------------------------------------
     0 | D:1      | Chucky the Demonspawn Fire Elementalist began the quest for
                  | the Orb.
     0 | D:1      | Reached XP level 1. HP: 13/13 MP: 3/3
   226 | D:1      | Reached skill level 3 in Fire Magic
   226 | D:1      | Gained mutation: Your movements are slightly less
                  | encumbered by armour. (ER -2) [demonic ancestry]
   226 | D:1      | Reached XP level 2. HP: 16/19 MP: 3/5
   302 | D:1      | Slain by an iguana

Illustrated notes

Levels and vault maps discovered:
D:1:      ncdulo_wetmaze, layout_basic, minmay_tiny_reverse_x
D:2:      layout_rooms

Skill      XL: |  1 |
---------------+----+-----
Fire Magic     | 3 |  3.1
Fighting       | |  0.2
Axes           | |  0.3
Armour         | |  0.3
Dodging        | |  1.8
Stealth        | |  1.9
Spellcasting   | |  2.1
Conjurations   | |  1.1

Action                     || total
---------------------------++-------
  Melee: Hand axe          ||    11
   Cast: Foxfire           ||    12
 Armour: Robe              ||     4
  Dodge: Dodged            ||    13
